Workbook

Sheet ЛСР
K1: Приложение №
K2: к Договору подряда №
B4: ПОДРЯДЧИК: | D4: ЗАКАЗЧИК: | J4: ТЕХНИЧЕСКИЙ ЗАКАЗЧИК:
D5: Генеральный директор | J5: Генеральный директор
B8: ______________/ | D8: _________________/ Е.В. Низамова | J8: _________________/ Е.В. Низамова
A10: Локальный сметный расчет №1
A11: Тобольский тракт - Обход города Тюмени (мкр. Губернаторский). Многоэтажный жилой дом ГП-72.101»; «Комплексная застройка территории, расположенной в границах улиц: Тобольский тракт - Обход города Тюмени (мкр. Губернаторский). Многоэтажный жилой дом с подземным паркингом ГП-72.102»; «Комплексная застройка территории, расположенной в границах улиц: Тобольский тракт - Обход города Тюмени (мкр. Губернаторский). Многоэтажный жилой дом с подземным паркингом и встроеннопристроенным многоэтажным паркингом ГП-72.103»; «Комплексная застройка территории, расположенной в границах улиц: Тобольский тракт - Обход города Тюмени (мкр. Губернаторский). Многоэтажный жилой дом ГП-72.104»; «Комплексная застройка территории, расположенной в границах улиц: Тобольский тракт - Обход города Тюмени (мкр. Губернаторский). Многоэтажный паркинг ГП-72.108»
A13: № п/п | B13: Наименование | C13: Марка | D13: Характеристика | E13: Ед. изм. | F13: Норма | G13: Толщина | H13: Кол-во | I13: Цена за ед. изм. | J13: Сумма | K13: Примечание
A14: 13 | B14: Наружные сети
A15: 13.11. | B15: Устройство наружных сетей электроосвещения
A16: 13.11.01. | B16: Прокладка кабеля, трубы для электроосвещения
A17: 13.11.01.00 | B17: Прокладка кабеля, трубы для электроосвещения | J17: =J18+J23 -> 0
B18: Работа: | J18: =SUM(J19:J22) -> 0
B19: Прокладка трубы гофрированной тип 1 | E19: м.п. | H19: =H24 -> 300.84 | I19: =VLOOKUP($B19,смр!$B$5:$G$13,4,0) -> 0 | J19: =ROUND(I19*H19,2) -> 0
B20: Прокладка кабеля тип 1 | E20: м.п. | H20: =H25 -> 318.84 | I20: =VLOOKUP($B20,смр!$B$5:$G$13,4,0) -> 0 | J20: =ROUND(I20*H20,2) -> 0
B21: Разработка грунта | E21: м3 | H21: =(103.4-10.8+147.3)*0.9*((0.3+0.444)/2)+10.8*1.2*((0.3+0.492)/2) -> 85.45 | I21: =VLOOKUP($B21,смр!$B$5:$G$13,4,0) -> 0 | J21: =ROUND(I21*H21,2) -> 0 | K21: траншея тип Т-1, Т-1,1
B22: Обратная засыпка | E22: м3 | H22: =H21 -> 85.45 | I22: =VLOOKUP($B22,смр!$B$5:$G$13,4,0) -> 0 | J22: =ROUND(I22*H22,2) -> 0 | K22: грунт/песок
B23: Материалы: | J23: =SUM(J24:J28) -> 0
B24: Труба гофрированная тип 1 | C24: ЭЛЕКТРОКОР ФЛЕКС | D24: Труба гибкая гофрированная, полимерная, наружный диаметр ∅63мм, стойкость к сжатию 450 Н | E24: м.п. | H24: =103.4*1.2+147.3*1.2 -> 300.84 | I24: =VLOOKUP($B24,мат!$B$5:$I$35,6,0) -> 0 | J24: =ROUND(H24*I24,2) -> 0 | K24: для прокладки кабеля в земле
B25: Кабель тип 1 | C25: АВБШв | D25: 4х25 | E25: м.п. | H25: =103.4*1.2+147.3*1.2+2*H40 -> 318.84 | I25: =VLOOKUP($B25,мат!$B$5:$I$35,6,0) -> 0 | J25: =ROUND(H25*I25,2) -> 0 | K25: в траншее
B26: Песок строительный | D26: Песок строительный, привозной, карьерный; ГОСТ 8736-93 | E26: м3 | F26: 1.144 | H26: =28.48*F26 -> 32.58 | I26: =VLOOKUP($B26,мат!$B$5:$I$35,6,0) -> 0 | J26: =ROUND(H26*I26,2) -> 0
B27: Лента сигнальная тип 1 | C27: ЛСЭ-250 | D27: "Осторожно кабель" 250 мм | E27: м.п. | H27: =H24 -> 300.84 | I27: =VLOOKUP($B27,мат!$B$5:$I$35,6,0) -> 0 | J27: =ROUND(H27*I27,2) -> 0 | K27: в траншее
B28: Уплотнитель | C28: УКПТ 75/20 | E28: шт. | H28: =8*2+1+3 -> 20 | I28: =VLOOKUP($B28,мат!$B$5:$I$35,6,0) -> 0 | J28: =ROUND(H28*I28,2) -> 0
A29: 13.11.02. | B29: Установка опор освещеня, ШУО
A30: 13.11.02.00 | B30: Установка опор освещеня, ШУО | J30: =J31+J38 -> 0
B31: Работа: | J31: =SUM(J32:J37) -> 0
B32: Установка опор освещения | E32: шт | H32: =H41 -> 9 | I32: =VLOOKUP($B32,смр!$B$5:$G$13,4,0) -> 0 | J32: =ROUND(I32*H32,2) -> 0
B33: Установка светильника | E33: шт | H33: =H39 -> 9 | I33: =VLOOKUP($B33,смр!$B$5:$G$13,4,0) -> 0 | J33: =ROUND(I33*H33,2) -> 0
B34: Монтаж ШУО | E34: шт | H34: =H42 -> 1 | I34: =VLOOKUP($B34,смр!$B$5:$G$13,4,0) -> 0 | J34: =ROUND(I34*H34,2) -> 0 | K34: в т.ч. фундамент ШУО
B35: Установка фундамента опор 2,5-6 м | E35: шт | H35: =H40 -> 9 | I35: =VLOOKUP($B35,смр!$B$5:$G$13,4,0) -> 0 | J35: =ROUND(I35*H35,2) -> 0
B36: Бетонирование | E36: м3 | H36: =0.2*H39+0.21 -> 2.01 | K36: для фундамента опор и ШУО
B37: Отсыпка щебня | E37: м3 | H37: =0.05*H39+0.14 -> 0.59 | K37: для фундамента опор и ШУО
B38: Материалы: | J38: =SUM(J39:J46) -> 0
B39: Светильник | C39: SIBILUX CURRENT | D39: Светильник светодиодный однорожковый, Sibilux.Current, высота 4м, 4000К | E39: шт | H39: 9 | I39: =VLOOKUP($B39,мат!$B$5:$I$35,6,0) -> 0 | J39: =ROUND(H39*I39,2) -> 0 | K39: см. схему лист 3 101-2025-ЭН
B40: Закладная | C40: 3Ф20/Current | D40: Закладная деталь для опор освещения Sibilux.Current высотой 4м | E40: шт | H40: =H39 -> 9 | I40: =VLOOKUP($B40,мат!$B$5:$I$35,6,0) -> 0 | J40: =ROUND(H40*I40,2) -> 0
B41: Стальная опора | D41: Стальная опора круглоконическая высотой 4м | E41: шт | H41: =H39 -> 9 | I41: =VLOOKUP($B41,мат!$B$5:$I$35,6,0) -> 0 | J41: =ROUND(H41*I41,2) -> 0
B42: Шкаф управления освещением | D42: Шкаф управления освещением, 380В/220В, 50Гц, АСУНО "ТЕЛУР", -в корпусе напольного монтажа 1600x600x400мм IP65, УХЛ1, (с учетом сборки комплектующих, без учета прибора учета) | E42: шт | H42: 1 | I42: =VLOOKUP($B42,мат!$B$5:$I$35,6,0) -> 0 | J42: =ROUND(H42*I42,2) -> 0 | K42: см. схему ШУО лист 4 101-2025-ЭН
B43: Счетчик | D43: Счетчик электроэнергии трехфазны | E43: шт | H43: 1 | I43: =VLOOKUP($B43,мат!$B$5:$I$35,6,0) -> 0 | J43: =ROUND(H43*I43,2) -> 0 | K43: согласовать с энергосбытовой компанией
B44: Бетон | C44: В15 | D44: Бетон B15 F150 W8; ГОСТ 7473-2010 | E44: м3 | F44: 1.015 | H44: =H36*F44 -> 2.04 | I44: =VLOOKUP($B44,мат!$B$5:$I$35,6,0) -> 0 | J44: =ROUND(H44*I44,2) -> 0 | K44: для фундамента опор и ШУО
B45: Щебень | C45: М1200 | D45: Щебень фракции св. 22,4 до 31,5мм; ГОСТ 32703-2014 | E45: м3 | F45: 1.84 | H45: =H37*F45 -> 1.09 | I45: =VLOOKUP($B45,мат!$B$5:$I$35,6,0) -> 0 | J45: =ROUND(H45*I45,2) -> 0 | K45: для фундамента опор и ШУО
B46: Прочие материалы ( Уголок, Лист, Арматура тип 1, Апматура тип 2, Швеллер, Зажим, Сжим, Клеммник, Муфта, Сталь полоса тип 1, Сталь полоса тип 2, Стержень металлический, Провод, Битум Бнд 90/130, Битум МБР-65, Эмаль, Грунтовка, Цинковая краска): | E46: % | H46: =J46/J31*100 -> #DIV/0! | J46: =SUM(J47:J65) -> 0
B47: Уголок | D47: Уголок стальной оцинкованный 50х50х5, L=3000мм; ГОСТ 27772-2021 | E47: шт | H47: =33.93/3.77/3 -> 3 | I47: =VLOOKUP($B47,мат!$B$5:$I$35,6,0) -> 0 | J47: =ROUND(H47*I47,2) -> 0 | K47: для заземления ШУО
B48: Лист | D48: Лист стальной 6х100х100 Б-ПН Ст3сп; ГОСТ 19903-2015 | E48: шт | H48: 4 | I48: =VLOOKUP($B48,мат!$B$5:$I$35,6,0) -> 0 | J48: =ROUND(H48*I48,2) -> 0 | K48: для фундамента щита см. схему лист 15 101-2025-ЭН
B49: Арматура тип 1 | D49: Арматура 10 A-I (А240) ГОСТ 5781-82 L=150 мм | E49: кг | H49: =1.42*4+3.41+0.64 -> 9.73 | I49: =VLOOKUP($B49,мат!$B$5:$I$35,6,0) -> 0 | J49: =ROUND(H49*I49,2) -> 0 | K49: для фундамента щита см. схему лист 15 101-2025-ЭН
B50: Арматура тип 2 | D50: Арматура 12 A-III (А400) ГОСТ 5781-82 L=7700 мм | E50: кг | H50: =6.84+4.97 -> 11.81 | I50: =VLOOKUP($B50,мат!$B$5:$I$35,6,0) -> 0 | J50: =ROUND(H50*I50,2) -> 0 | K50: для фундамента щита см. схему лист 15 101-2025-ЭН
B51: Швеллер | D51: Швеллер 12П L=2000 мм, ГОСТ 8240-97 Сталь ВСт 3 сп ГОСТ 380-2005 | E51: шт | H51: 1 | I51: =VLOOKUP($B51,мат!$B$5:$I$35,6,0) -> 0 | J51: =ROUND(H51*I51,2) -> 0 | K51: для фундамента щита см. схему лист 15 101-2025-ЭН
B52: Зажим | C52: ЗПО 4-35/4-35 | D52: Зажим прокалывающий ответвительный, 1 кВ | E52: шт | H52: =(H39-1)*4 -> 32 | I52: =VLOOKUP($B52,мат!$B$5:$I$35,6,0) -> 0 | J52: =ROUND(H52*I52,2) -> 0 | K52: в опорах освещения
B53: Сжим | C53: У733М | D53: Сжим ответвительный для кабелей сечением 16-35/1.5-10 | E53: шт | H53: =2*H39 -> 18 | I53: =VLOOKUP($B53,мат!$B$5:$I$35,6,0) -> 0 | J53: =ROUND(H53*I53,2) -> 0 | K53: в опорах освещения
B54: Клеммник | C54: KE10.1 | D54: Клеммник 4-х контактный | E54: шт | H54: 9 | I54: =VLOOKUP($B54,мат!$B$5:$I$35,6,0) -> 0 | J54: =ROUND(H54*I54,2) -> 0 | K54: в опорах освещения
B55: Муфта | C55: 4ПКТп(б)-1-16/25 | D55: Муфта кабельная концевая, с броней, для наружной установки, 4 жилы, 16-25 мм2, без наконечников | E55: шт | H55: =H39*2 -> 18 | I55: =VLOOKUP($B55,мат!$B$5:$I$35,6,0) -> 0 | J55: =ROUND(H55*I55,2) -> 0
B56: Сталь полоса тип 1 | D56: Сталь полосовая горячего цинкования 4х25мм ГОСТ 103-2006 | E56: м | H56: =0.6*9 -> 5.4 | I56: =VLOOKUP($B56,мат!$B$5:$I$35,6,0) -> 0 | J56: =ROUND(H56*I56,2) -> 0 | K56: для заземления ШУО
B57: Сталь полоса тип 2 | D57: Сталь полосовая горячего цинкования 4х40мм ГОСТ 103-2006 | E57: м | H57: =2.52/1.26 -> 2 | I57: =VLOOKUP($B57,мат!$B$5:$I$35,6,0) -> 0 | J57: =ROUND(H57*I57,2) -> 0 | K57: для заземления ШУО
B58: Сталь полоса тип 3 | D58: Сталь полосовая горячего цинкования 5х50мм ГОСТ 103-2006 | E58: м | H58: =19.6/1.96 -> 10 | I58: =VLOOKUP($B58,мат!$B$5:$I$35,6,0) -> 0 | J58: =ROUND(H58*I58,2) -> 0 | K58: для заземления ШУО
B59: Стержень металлический | D59: Стержень круглый стальной горячего цинкования, d=16мм, L=5м ГОСТ 2590-2006 | E59: шт | H59: 9 | I59: =VLOOKUP($B59,мат!$B$5:$I$35,6,0) -> 0 | J59: =ROUND(H59*I59,2) -> 0 | K59: для заземления ШУО
B60: Провод | C60: ПуГВ | D60: 1x6 | E60: м | H60: =H39*0.5 -> 4.5 | I60: =VLOOKUP($B60,мат!$B$5:$I$35,6,0) -> 0 | J60: =ROUND(H60*I60,2) -> 0 | K60: в опорах освещения
B61: Битум Бнд 90/130 | D61: Бнд 90/130 | E61: кг | H61: 11.3 | I61: =VLOOKUP($B61,мат!$B$5:$I$35,6,0) -> 0 | J61: =ROUND(H61*I61,2) -> 0 | K61: для фундамента щита см. схему лист 15 101-2025-ЭН
B62: Битум МБР-65 | D62: МБР-65 | E62: кг | H62: 3.5 | I62: =VLOOKUP($B62,мат!$B$5:$I$35,6,0) -> 0 | J62: =ROUND(H62*I62,2) -> 0 | K62: для фундамента щита см. схему лист 15 101-2025-ЭН
B63: Эмаль | D63: ПФ-115 | E63: кг | H63: 0.3 | I63: =VLOOKUP($B63,мат!$B$5:$I$35,6,0) -> 0 | J63: =ROUND(H63*I63,2) -> 0 | K63: для фундамента щита см. схему лист 15 101-2025-ЭН
B64: Грунтовка | D64: ГФ-021 | E64: кг | H64: 0.1 | I64: =VLOOKUP($B64,мат!$B$5:$I$35,6,0) -> 0 | J64: =ROUND(H64*I64,2) -> 0 | K64: для фундамента щита см. схему лист 15 101-2025-ЭН
B65: Цинковая краска | E65: кг | H65: =0.05+0.225 -> 0.28 | I65: =VLOOKUP($B65,мат!$B$5:$I$35,6,0) -> 0 | J65: =ROUND(H65*I65,2) -> 0 | K65: в т.ч. для фундамента щита см. схему лист 15 101-2025-ЭН
A66: 13.11.03. | B66: ПНР
A67: 13.11.03.00 | B67: ПНР | J67: =J68+J70 -> 0
B68: Работа: | J68: =J69 -> 0
B69: Пусконаладочные работы электроосвещения | E69: комплекс | H69: 1 | I69: =VLOOKUP($B69,смр!$B$5:$G$13,4,0) -> 0 | J69: =ROUND(I69*H69,2) -> 0
B70: Материалы: | J70: =SUM(J71) -> 0
B71: - | J71: =ROUND(H71*I71,2) -> 0
B72: Итого по ЛСР, с НДС: | J72: =J17+J67+J30 -> 0
B73: в т.ч. стоимость работ: | J73: =J18+J68+J31 -> 0
B74: в т.ч. стоимость материалов: | J74: =J23+J70+J38 -> 0
B75: в т.ч. НДС:
A79: ПРИМЕЧАНИЕ:
A80: Стоимость материалов учитывает стоимость доставки
A81: Стоимость СМР учитывает - затраты на все второстепенные материалы и работы необходимые для осуществления полного комплекса работ, включая затраты: на мобилизацию, аренду и эксплуатацию всех необходимых механизмов, оборудования и инструментов, бытовых помещений и биотуалетов; выполнение сопутствующих работ; вывоз мусора; ФОТ, накладные расходы, прибыль организации, налоги и иные издержки Подрядчика.
A82: Стоимость СМР по установке фундамента включает:щебеночную отсыпку, бетонирование, монтаж закладных
A83: Стоимость СМР по монтажу шкафа управления освещением включает установку фундаментов и зазеления ШУО
A84: Обеспечение безопасного производства работ на участке
A85: В случае изменения системы налогообложения, риски увеличения стоимости договора относятся на сторону, чья система налогообложения изменяется.

Sheet смр
A2: Сводная ведомость объемов работ
A4: № | B4: Наименование | C4: Ед. изм. | D4: Кол-во | E4: Цена | F4: Сумма | G4: Примечание
A5: 1 | B5: Прокладка трубы гофрированной тип 1 | C5: =VLOOKUP($B5,ЛСР!$B$13:$K$71,4,0) -> м.п. | D5: =SUMIF(ЛСР!$B$13:$B$71,B5,ЛСР!$H$13:$H$71) -> 300.84 | F5: =ROUND(E5*D5,2) -> 0 | G5: =VLOOKUP($B5,ЛСР!$B$13:$K$71,10,0) -> 0
A6: 2 | B6: Прокладка кабеля тип 1 | C6: =VLOOKUP($B6,ЛСР!$B$13:$K$71,4,0) -> м.п. | D6: =SUMIF(ЛСР!$B$13:$B$71,B6,ЛСР!$H$13:$H$71) -> 318.84 | F6: =ROUND(E6*D6,2) -> 0 | G6: =VLOOKUP($B6,ЛСР!$B$13:$K$71,10,0) -> 0
A7: 3 | B7: Разработка грунта | C7: =VLOOKUP($B7,ЛСР!$B$13:$K$71,4,0) -> м3 | D7: =SUMIF(ЛСР!$B$13:$B$71,B7,ЛСР!$H$13:$H$71) -> 85.45 | F7: =ROUND(E7*D7,2) -> 0 | G7: =VLOOKUP($B7,ЛСР!$B$13:$K$71,10,0) -> траншея тип Т-1, Т-1,1
A8: 4 | B8: Обратная засыпка | C8: =VLOOKUP($B8,ЛСР!$B$13:$K$71,4,0) -> м3 | D8: =SUMIF(ЛСР!$B$13:$B$71,B8,ЛСР!$H$13:$H$71) -> 85.45 | F8: =ROUND(E8*D8,2) -> 0 | G8: =VLOOKUP($B8,ЛСР!$B$13:$K$71,10,0) -> грунт/песок
A9: 5 | B9: Установка опор освещения | C9: =VLOOKUP($B9,ЛСР!$B$13:$K$71,4,0) -> шт | D9: =SUMIF(ЛСР!$B$13:$B$71,B9,ЛСР!$H$13:$H$71) -> 9 | F9: =ROUND(E9*D9,2) -> 0 | G9: =VLOOKUP($B9,ЛСР!$B$13:$K$71,10,0) -> 0
A10: 6 | B10: Установка светильника | C10: =VLOOKUP($B10,ЛСР!$B$13:$K$71,4,0) -> шт | D10: =SUMIF(ЛСР!$B$13:$B$71,B10,ЛСР!$H$13:$H$71) -> 9 | F10: =ROUND(E10*D10,2) -> 0 | G10: =VLOOKUP($B10,ЛСР!$B$13:$K$71,10,0) -> 0
A11: 7 | B11: Установка фундамента опор 2,5-6 м | C11: =VLOOKUP($B11,ЛСР!$B$13:$K$71,4,0) -> шт | D11: =SUMIF(ЛСР!$B$13:$B$71,B11,ЛСР!$H$13:$H$71) -> 9 | F11: =ROUND(E11*D11,2) -> 0 | G11: =VLOOKUP($B11,ЛСР!$B$13:$K$71,10,0) -> 0
A12: 8 | B12: Монтаж ШУО | C12: =VLOOKUP($B12,ЛСР!$B$13:$K$71,4,0) -> шт | D12: =SUMIF(ЛСР!$B$13:$B$71,B12,ЛСР!$H$13:$H$71) -> 1 | F12: =ROUND(E12*D12,2) -> 0 | G12: =VLOOKUP($B12,ЛСР!$B$13:$K$71,10,0) -> в т.ч. фундамент ШУО
A13: 9 | B13: Пусконаладочные работы электроосвещения | C13: =VLOOKUP($B13,ЛСР!$B$13:$K$71,4,0) -> комплекс | D13: =SUMIF(ЛСР!$B$13:$B$71,B13,ЛСР!$H$13:$H$71) -> 1 | F13: =ROUND(E13*D13,2) -> 0 | G13: =VLOOKUP($B13,ЛСР!$B$13:$K$71,10,0) -> 0
B14: Итого СМР: | F14: =SUM(F5:F13) -> 0
E15: Проверка: | F15: =F14-ЛСР!J73 -> 0

Sheet мат
A2: Сводная ведомость объемов материала
A4: № | B4: Наименование | C4: Марка | D4: Характеристика | E4: Ед. изм. | F4: Итого | G4: Цена за ед. изм. | H4: Сумма | I4: Примечание
A5: 1 | B5: Труба гофрированная тип 1 | C5: =VLOOKUP($B5,ЛСР!$B$13:$K$71,2,0) -> ЭЛЕКТРОКОР ФЛЕКС | D5: =VLOOKUP($B5,ЛСР!$B$13:$K$71,3,0) -> Труба гибкая гофрированная, полимерная, наружный диаметр ∅63мм, стойкость к сжатию 450 Н | E5: =VLOOKUP($B5,ЛСР!$B$13:$K$71,4,0) -> м.п. | F5: =SUMIF(ЛСР!$B$13:$B$71,B5,ЛСР!$H$13:$H$71) -> 300.84 | H5: =ROUND(G5*F5,2) -> 0 | I5: =VLOOKUP($B5,ЛСР!$B$13:$K$71,10,0) -> для прокладки кабеля в земле
A6: 2 | B6: Кабель тип 1 | C6: =VLOOKUP($B6,ЛСР!$B$13:$K$71,2,0) -> АВБШв | D6: =VLOOKUP($B6,ЛСР!$B$13:$K$71,3,0) -> 4х25 | E6: =VLOOKUP($B6,ЛСР!$B$13:$K$71,4,0) -> м.п. | F6: =SUMIF(ЛСР!$B$13:$B$71,B6,ЛСР!$H$13:$H$71) -> 318.84 | H6: =ROUND(G6*F6,2) -> 0 | I6: =VLOOKUP($B6,ЛСР!$B$13:$K$71,10,0) -> в траншее
A7: 3 | B7: Лента сигнальная тип 1 | C7: =VLOOKUP($B7,ЛСР!$B$13:$K$71,2,0) -> ЛСЭ-250 | D7: =VLOOKUP($B7,ЛСР!$B$13:$K$71,3,0) -> "Осторожно кабель" 250 мм | E7: =VLOOKUP($B7,ЛСР!$B$13:$K$71,4,0) -> м.п. | F7: =SUMIF(ЛСР!$B$13:$B$71,B7,ЛСР!$H$13:$H$71) -> 300.84 | H7: =ROUND(G7*F7,2) -> 0 | I7: =VLOOKUP($B7,ЛСР!$B$13:$K$71,10,0) -> в траншее
A8: 4 | B8: Уплотнитель | C8: =VLOOKUP($B8,ЛСР!$B$13:$K$71,2,0) -> УКПТ 75/20 | D8: =VLOOKUP($B8,ЛСР!$B$13:$K$71,3,0) -> 0 | E8: =VLOOKUP($B8,ЛСР!$B$13:$K$71,4,0) -> шт. | F8: =SUMIF(ЛСР!$B$13:$B$71,B8,ЛСР!$H$13:$H$71) -> 20 | H8: =ROUND(G8*F8,2) -> 0 | I8: =VLOOKUP($B8,ЛСР!$B$13:$K$71,10,0) -> 0
A9: 5 | B9: Песок строительный | C9: =VLOOKUP($B9,ЛСР!$B$13:$K$71,2,0) -> 0 | D9: =VLOOKUP($B9,ЛСР!$B$13:$K$71,3,0) -> Песок строительный, привозной, карьерный; ГОСТ 8736-93 | E9: =VLOOKUP($B9,ЛСР!$B$13:$K$71,4,0) -> м3 | F9: =SUMIF(ЛСР!$B$13:$B$71,B9,ЛСР!$H$13:$H$71) -> 32.58 | H9: =ROUND(G9*F9,2) -> 0 | I9: =VLOOKUP($B9,ЛСР!$B$13:$K$71,10,0) -> 0
A10: 6 | B10: Светильник | C10: =VLOOKUP($B10,ЛСР!$B$13:$K$71,2,0) -> SIBILUX CURRENT | D10: =VLOOKUP($B10,ЛСР!$B$13:$K$71,3,0) -> Светильник светодиодный однорожковый, Sibilux.Current, высота 4м, 4000К | E10: =VLOOKUP($B10,ЛСР!$B$13:$K$71,4,0) -> шт | F10: =SUMIF(ЛСР!$B$13:$B$71,B10,ЛСР!$H$13:$H$71) -> 9 | H10: =ROUND(G10*F10,2) -> 0 | I10: =VLOOKUP($B10,ЛСР!$B$13:$K$71,10,0) -> см. схему лист 3 101-2025-ЭН
A11: 7 | B11: Закладная | C11: =VLOOKUP($B11,ЛСР!$B$13:$K$71,2,0) -> 3Ф20/Current | D11: =VLOOKUP($B11,ЛСР!$B$13:$K$71,3,0) -> Закладная деталь для опор освещения Sibilux.Current высотой 4м | E11: =VLOOKUP($B11,ЛСР!$B$13:$K$71,4,0) -> шт | F11: =SUMIF(ЛСР!$B$13:$B$71,B11,ЛСР!$H$13:$H$71) -> 9 | H11: =ROUND(G11*F11,2) -> 0 | I11: =VLOOKUP($B11,ЛСР!$B$13:$K$71,10,0) -> 0
A12: 8 | B12: Стальная опора | C12: =VLOOKUP($B12,ЛСР!$B$13:$K$71,2,0) -> 0 | D12: =VLOOKUP($B12,ЛСР!$B$13:$K$71,3,0) -> Стальная опора круглоконическая высотой 4м | E12: =VLOOKUP($B12,ЛСР!$B$13:$K$71,4,0) -> шт | F12: =SUMIF(ЛСР!$B$13:$B$71,B12,ЛСР!$H$13:$H$71) -> 9 | H12: =ROUND(G12*F12,2) -> 0 | I12: =VLOOKUP($B12,ЛСР!$B$13:$K$71,10,0) -> 0
A13: 9 | B13: Шкаф управления освещением | C13: =VLOOKUP($B13,ЛСР!$B$13:$K$71,2,0) -> 0 | D13: =VLOOKUP($B13,ЛСР!$B$13:$K$71,3,0) -> Шкаф управления освещением, 380В/220В, 50Гц, АСУНО "ТЕЛУР", -в корпусе напольного монтажа 1600x600x400мм IP65, УХЛ1, (с учетом сборки комплектующих, без учета прибора учета) | E13: =VLOOKUP($B13,ЛСР!$B$13:$K$71,4,0) -> шт | F13: =SUMIF(ЛСР!$B$13:$B$71,B13,ЛСР!$H$13:$H$71) -> 1 | H13: =ROUND(G13*F13,2) -> 0 | I13: =VLOOKUP($B13,ЛСР!$B$13:$K$71,10,0) -> см. схему ШУО лист 4 101-2025-ЭН
A14: 10 | B14: Счетчик | C14: =VLOOKUP($B14,ЛСР!$B$13:$K$71,2,0) -> 0 | D14: =VLOOKUP($B14,ЛСР!$B$13:$K$71,3,0) -> Счетчик электроэнергии трехфазны | E14: =VLOOKUP($B14,ЛСР!$B$13:$K$71,4,0) -> шт | F14: =SUMIF(ЛСР!$B$13:$B$71,B14,ЛСР!$H$13:$H$71) -> 1 | H14: =ROUND(G14*F14,2) -> 0 | I14: =VLOOKUP($B14,ЛСР!$B$13:$K$71,10,0) -> согласовать с энергосбытовой компанией
A15: 11 | B15: Бетон | C15: =VLOOKUP($B15,ЛСР!$B$13:$K$71,2,0) -> В15 | D15: =VLOOKUP($B15,ЛСР!$B$13:$K$71,3,0) -> Бетон B15 F150 W8; ГОСТ 7473-2010 | E15: =VLOOKUP($B15,ЛСР!$B$13:$K$71,4,0) -> м3 | F15: =SUMIF(ЛСР!$B$13:$B$71,B15,ЛСР!$H$13:$H$71) -> 2.04 | H15: =ROUND(G15*F15,2) -> 0 | I15: =VLOOKUP($B15,ЛСР!$B$13:$K$71,10,0) -> для фундамента опор и ШУО
A16: 12 | B16: Щебень | C16: =VLOOKUP($B16,ЛСР!$B$13:$K$71,2,0) -> М1200 | D16: =VLOOKUP($B16,ЛСР!$B$13:$K$71,3,0) -> Щебень фракции св. 22,4 до 31,5мм; ГОСТ 32703-2014 | E16: =VLOOKUP($B16,ЛСР!$B$13:$K$71,4,0) -> м3 | F16: =SUMIF(ЛСР!$B$13:$B$71,B16,ЛСР!$H$13:$H$71) -> 1.09 | H16: =ROUND(G16*F16,2) -> 0 | I16: =VLOOKUP($B16,ЛСР!$B$13:$K$71,10,0) -> для фундамента опор и ШУО
... A35: 31 | B35: Цинковая краска | C35: =VLOOKUP($B35,ЛСР!$B$13:$K$71,2,0) -> 0 | D35: =VLOOKUP($B35,ЛСР!$B$13:$K$71,3,0) -> 0 | E35: =VLOOKUP($B35,ЛСР!$B$13:$K$71,4,0) -> кг | F35: =SUMIF(ЛСР!$B$13:$B$71,B35,ЛСР!$H$13:$H$71) -> 0.28 | H35: =ROUND(G35*F35,2) -> 0 | I35: =VLOOKUP($B35,ЛСР!$B$13:$K$71,10,0) -> в т.ч. для фундамента щита см. схему лист 15 101-2025-ЭН
B36: Итого материалы: | H36: =SUM(H5:H35) -> 0
G37: Проверка: | H37: =H36-ЛСР!J74 -> 0

Sheet ЛСР (2)
K1: Приложение №
K2: к Договору подряда №
B4: ПОДРЯДЧИК: | E4: ЗАКАЗЧИК: | J4: ТЕХНИЧЕСКИЙ ЗАКАЗЧИК:
E5: Генеральный директор | J5: Генеральный директор
B8: ______________/ | E8: _________________/ Е.В. Низамова | J8: _________________/ Е.В. Низамова
A11: Локальный сметный расчет №1
A13: № п/п | B13: Наименование | C13: Марка | D13: Характеристика | E13: Ед. изм. | F13: Норма | G13: Толщина | H13: Кол-во | I13: Цена за ед. изм. | J13: Сумма | K13: Примечание
A14: 13 | B14: Наружные сети
A15: 13.08 | B15: Строительство сетей связи
A16: 13.08.01 | B16: Строительство сетей связи
A17: 13.08.01.00 | B17: Строительство сетей связи | J17: =J18+J20 -> 454110
B18: Работа: | J18: =J19 -> 135000
B19: Устройство наружных сетей связи (в т.ч. бурение алмазное, заделка отверстий, прокладка траншеи, устройство приямка, колодца связи) | E19: комплекс | H19: 1 | I19: =VLOOKUP(B19,РАБОТА!$B$5:$F$10,4,0) -> 135000 | J19: =I19*H19 -> 135000 | K19: разработка грунта, обратная засыпка
B20: Материалы: | J20: =SUM(J21:J26) -> 319110
B21: Труба полиэтиленовая SDR11 Ду110мм техническая, толщ. 11 мм (Арт.3002) | E21: м.п. | H21: 324 | I21: =VLOOKUP(B21,МАТЕРИАЛ!$B$5:$F$53,4,0) -> 592 | J21: =H21*I21 -> 191808
B22: Колодец КС 10-9 | E22: шт. | H22: 6 | I22: =VLOOKUP(B22,МАТЕРИАЛ!$B$5:$F$53,4,0) -> 2750 | J22: =H22*I22 -> 16500
B23: Дно ПН-10 | E23: шт. | H23: 6 | I23: =VLOOKUP(B23,МАТЕРИАЛ!$B$5:$F$53,4,0) -> 2750 | J23: =H23*I23 -> 16500
B24: Крышка ПП-10-1 | E24: шт. | H24: 6 | I24: =VLOOKUP(B24,МАТЕРИАЛ!$B$5:$F$53,4,0) -> 2650 | J24: =H24*I24 -> 15900
B25: Обойма+Люк (чугун), тип средний | E25: комлект | H25: 6 | I25: =VLOOKUP(B25,МАТЕРИАЛ!$B$5:$F$53,4,0) -> 9300 | J25: =H25*I25 -> 55800
B26: Расходные материалы (муфта соединительная для тех.трубы Ду110 мм, битумная мастика, цемент) | E26: % | H26: 16.75 | J26: =J19*$H$26%-10.5 -> 22602
A27: 13.08.02 | B27: ПНР
A28: 13.08.02.00 | B28: ПНР | J28: =J29+J31 -> 5000
B29: Работа: | J29: =J30 -> 5000
B30: Пусконаладочные работы сетей связи | E30: комплекс | H30: 1 | I30: =VLOOKUP(B30,РАБОТА!$B$5:$F$10,4,0) -> 5000 | J30: =I30*H30 -> 5000
B31: Материалы: | J31: =SUM(J32) -> 0
B32: -
A33: 13.10 | B33: Электроснабжение КЛ-0,4КВ
A34: 13.10.01 | B34: Электроснабжение КЛ-0,4КВ
A35: 13.10.01.00 | B35: Электроснабжение КЛ-0,4КВ | J35: =J36+J38 -> 6074263
B36: Работа: | J36: =SUM(J37:J37) -> 1103800
B37: Устройство наружных сетей электроснабжения 0,4 Кв (в т.ч. алмазное бурение, заделка отверстий) | E37: комплекс | H37: 1 | I37: =VLOOKUP(B37,РАБОТА!$B$5:$F$10,4,0) -> 1103800 | J37: =I37*H37 -> 1103800
B38: Материалы: | J38: =SUM(J39:J47) -> 4970463
B39: Кабель АВБбШв-1 ГОСТ 18410-73 с алюминиевыми жилами бронированный на напряжение 1,0 кВ сечением: 4*120 мм2 | E39: км | H39: 1.17 | I39: =VLOOKUP(B39,МАТЕРИАЛ!$B$5:$F$53,4,0) -> 698690 | J39: =H39*I39 -> 817467.3
B40: Кабель АВБбШв-1 ГОСТ 18410-73 с алюминиевыми жилами бронированный на напряжение 1,0 кВ сечением: 4*185 мм2 | E40: км | H40: 1 | I40: =VLOOKUP(B40,МАТЕРИАЛ!$B$5:$F$53,4,0) -> 1049150 | J40: =H40*I40 -> 1049150
B41: Кабель АВБбШв-1 ГОСТ 18410-73 с алюминиевыми жилами бронированный на напряжение 1,0 кВ сечением: 4*240 мм2 | E41: км | H41: 1.82 | I41: =VLOOKUP(B41,МАТЕРИАЛ!$B$5:$F$53,4,0) -> 1353510 | J41: =H41*I41 -> 2463388.2
B42: Муфта концевая 120 мм 4ПКВ(н)тпБН-1-70/120 | E42: шт. | H42: 12 | I42: =VLOOKUP(B42,МАТЕРИАЛ!$B$5:$F$53,4,0) -> 1850.93 | J42: =H42*I42 -> 22211.16
B43: Муфта концевая 185 мм 4ПКВ(н)тпБН-1-150/240 | E43: шт. | H43: 16 | I43: =VLOOKUP(B43,МАТЕРИАЛ!$B$5:$F$53,4,0) -> 2654.7 | J43: =H43*I43 -> 42475.2
B44: Муфта концевая 240 мм 4ПКВ(н)тпБН-1-150/240 | E44: шт. | H44: 20 | I44: =VLOOKUP(B44,МАТЕРИАЛ!$B$5:$F$53,4,0) -> 2654.7 | J44: =H44*I44 -> 53094
B45: Лоток стальной с крышкой 300*100*3000 мм | E45: шт. | H45: 23 | I45: =VLOOKUP(B45,МАТЕРИАЛ!$B$5:$F$53,4,0) -> 4495.8 | J45: =H45*I45 -> 103403.4
B46: Труба гофрированная двухстенная DKC Ду110 мм | E46: м.п. | H46: 1690 | I46: =VLOOKUP(B46,МАТЕРИАЛ!$B$5:$F$53,4,0) -> 202.73 | J46: =H46*I46 -> 342613.7
B47: Расходные материалы (шпилька М8*2000, С-профиль 41*41, толщ. 2,5 мм ВРМ4107HD2, песок строительный, лента сигнальная ЛСЭ-900 мм, битумная мастика, цемент) | E47: % | H47: 6.94 | J47: =J37*$H$47%+56.28 -> 76660
A48: 13.10.02 | B48: ПНР
A49: 13.10.02.00 | B49: ПНР | J49: =J50+J52 -> 50000
B50: Работа: | J50: =J51 -> 50000
B51: Пусконаладочные работы электроснабжения 0,4 кВ | E51: комплекс | H51: 1 | I51: =VLOOKUP(B51,РАБОТА!$B$5:$F$10,4,0) -> 50000 | J51: =I51*H51 -> 50000
B52: Материалы: | J52: =SUM(J53) -> 0
B53: -
A54: 13.11 | B54: Электроснабжение КЛ-0,4КВ
A55: 13.11.01 | B55: Электроосвещение
A56: 13.11.01.00 | B56: Электроосвещение | J56: =J57+J59 -> 10903054
B57: Работа: | J57: =SUM(J58) -> 1792000
B58: Устройство наружного электроосвещения | E58: комплекс | H58: 1 | I58: =VLOOKUP(B58,РАБОТА!$B$5:$F$10,4,0) -> 1792000 | J58: =I58*H58 -> 1792000
B59: Материалы: | J59: =SUM(J60:J76) -> 9111053.7
B60: Шкаф управления освещением (ШУО) | E60: комплект | H60: 1 | I60: =VLOOKUP(B60,МАТЕРИАЛ!$B$5:$F$53,4,0) -> 50160 | J60: =H60*I60 -> 50160 | K60: комплектация согласно прилагаемой схеме
B61: Кабель АВБбШв-1 с алюминиевыми жилами в ПВХ изоляции и оболочке бронированный пятижильный сечением: 5*10 | E61: м.п. | H61: 2590 | I61: =VLOOKUP(B61,МАТЕРИАЛ!$B$5:$F$53,4,0) -> 135.12 | J61: =H61*I61 -> 349960.8
B62: Кабель АВВГнг с алюминиевыми жилами в ПВХ изоляции и оболочке трехжильный сечением: 3*4 | E62: м.п. | H62: 790 | I62: =VLOOKUP(B62,МАТЕРИАЛ!$B$5:$F$53,4,0) -> 28.72 | J62: =H62*I62 -> 22688.8
B63: Кабель силовой гибкий с медными жилами в резиновой изоляции и оболочке трехжильный сечением: 3*1,5 | E63: м.п. | H63: 100 | I63: =VLOOKUP(B63,МАТЕРИАЛ!$B$5:$F$53,4,0) -> 55.2 | J63: =H63*I63 -> 5520
B64: Труба двустенная гофротруба Ду63 мм | E64: м.п. | H64: 2410 | I64: =VLOOKUP(B64,МАТЕРИАЛ!$B$5:$F$53,4,0) -> 79.91 | J64: =H64*I64 -> 192583.1
B65: Труба двустенная гофротруба Ду32 мм | E65: м.п. | H65: 790 | I65: =VLOOKUP(B65,МАТЕРИАЛ!$B$5:$F$53,4,0) -> 60.58 | J65: =H65*I65 -> 47858.2
B66: Светильник односторонний, 4000К, на опоре 6м с ПЧ, Sibilux (цвет шампань) | E66: шт. | H66: 21 | I66: =VLOOKUP(B66,МАТЕРИАЛ!$B$5:$F$53,4,0) -> 69680 | J66: =H66*I66 -> 1463280
B67: Светильник двусторонний, 4000К, на опоре 6м с ПЧ, Sibilux (цвет шампань) | E67: шт. | H67: 4 | I67: =VLOOKUP(B67,МАТЕРИАЛ!$B$5:$F$53,4,0) -> 88630 | J67: =H67*I67 -> 354520
B68: Светильник двусторонний, 4000К, на опоре 4,5/6м с ПЧ, Sibilux (цвет шампань) | E68: шт. | H68: 17 | I68: =VLOOKUP(B68,МАТЕРИАЛ!$B$5:$F$53,4,0) -> 85680 | J68: =H68*I68 -> 1456560
B69: Светильник односторонний, 4000К, на опоре 4м с ПЧ, Sibilux (цвет шампань) | E69: шт. | H69: 47 | I69: =VLOOKUP(B69,МАТЕРИАЛ!$B$5:$F$53,4,0) -> 64730 | J69: =H69*I69 -> 3042310
B70: Фонарь 360, высота 5м м ПЧ, Sibilux (цвет шампань) | E70: шт. | H70: 9 | I70: =VLOOKUP(B70,МАТЕРИАЛ!$B$5:$F$53,4,0) -> 75180 | J70: =H70*I70 -> 676620
B71: Светильник столбик, высота 1м с ПЧ | E71: шт. | H71: 23 | I71: =VLOOKUP(B71,МАТЕРИАЛ!$B$5:$F$53,4,0) -> 28070 | J71: =H71*I71 -> 645610
B72: Линейный грунтовый светильник, 1 м, 4000К, INTERRA-CU-12 (RADUGA tm) | E72: шт. | H72: 19 | I72: =VLOOKUP(B72,МАТЕРИАЛ!$B$5:$F$53,4,0) -> 10654.56 | J72: =H72*I72 -> 202436.64
... B75: Песок строительный | E75: м3 | H75: 144.48 | I75: =VLOOKUP(B75,МАТЕРИАЛ!$B$5:$F$53,4,0) -> 550 | J75: =H75*I75 -> 79464
B76: Расходные материалы (автоматический выключатель 1-но полюсной Iном=6А ВА47-29, сжим ответвительный У731, коробка монтажная 200*200 IP65, термоусадочная трубка ТУТнг-10/5 (ТУТнг-40/20), гравий, уголок 50*50*5 L=800 мм С235, уголок 50*50*5 L=450 мм С235 ГОСТ27772-88, лист Б-пн-3.0 300*450 мм Ст3, лист Б-пн-3.0 300*800 мм Ст3 ГОСТ 16529-89, болт М12*25, гайка М12, шайба 12, лента сигнальная "Осторожно кабель" 100 мм) | E76: % | H76: 3.77 | J76: =J58*$H$76%-36.4 -> 67522
A77: 13.11.02 | B77: ПНР
A78: 13.11.02.00 | B78: ПНР | J78: =J79+J81 -> 50000
B79: Работа: | J79: =J80 -> 50000
B80: Пусконаладочные работы электроосвещения | E80: комплекс | H80: 1 | I80: =VLOOKUP(B80,РАБОТА!$B$5:$F$10,4,0) -> 50000 | J80: =I80*H80 -> 50000
B81: Материалы: | J81: =SUM(J82) -> 0
B82: -
B83: ИТОГО по ЛСР, без НДС: | J83: =J56+J35+J17+J28+J49+J78 -> 17536427
B84: в т.ч. стоимость работ: | J84: =J57+J18+J36+J79+J29+J50 -> 3135800
B85: в т.ч. стоимость материалов: | J85: =J59+J38+J20+J81+J52+J31 -> 14400627
B86: НДС | J86: нет
A93: ПРИМЕЧАНИЕ
A94: *Стоимость материалов учитывает стоимость доставки
A95: **Стоимость СМР учитывает - затраты на все второстепенные материалы и работы необходимые для осуществления полного комплекса работ, включая затраты: на мобилизацию, аренду и эксплуатацию всех необходимых механизмов, оборудования и инструментов, бытовых помещений и биотуалетов; выполнение сопутствующих работ; вывоз мусора; ФОТ, накладные расходы, прибыль организации, налоги и иные издержки Подрядчика.

Sheet РАБОТА
A1: Сводная ведомость объемов работ
A3: № п/п | B3: Наименование | C3: Ед. изм. | D3: Кол-во | E3: Цена за ед. изм. | F3: Сумма
A4: 1 | B4: 2 | C4: 3 | D4: 4 | E4: 5 | F4: 6
A5: 1 | B5: Устройство наружных сетей связи (в т.ч. бурение алмазное, заделка отверстий, прокладка траншеи, устройство приямка, колодца связи) | C5: комплекс | D5: =SUMIF(ЛСР!$B$14:$B$71,VLOOKUP($B5,$B$5:$B$10,1,0),ЛСР!$H$14:$H$71) -> 0 | E5: 135000 | F5: =E5*D5 -> 0
A6: 2 | B6: Пусконаладочные работы сетей связи | C6: комплекс | D6: =SUMIF(ЛСР!$B$14:$B$71,VLOOKUP($B6,$B$5:$B$10,1,0),ЛСР!$H$14:$H$71) -> 0 | E6: 5000 | F6: =E6*D6 -> 0
A7: 3 | B7: Устройство наружных сетей электроснабжения 0,4 Кв (в т.ч. алмазное бурение, заделка отверстий) | C7: комплекс | D7: =SUMIF(ЛСР!$B$14:$B$71,VLOOKUP($B7,$B$5:$B$10,1,0),ЛСР!$H$14:$H$71) -> 0 | E7: 1103800 | F7: =E7*D7 -> 0
A8: 4 | B8: Пусконаладочные работы электроснабжения 0,4 кВ | C8: комплекс | D8: =SUMIF(ЛСР!$B$14:$B$71,VLOOKUP($B8,$B$5:$B$10,1,0),ЛСР!$H$14:$H$71) -> 0 | E8: 50000 | F8: =E8*D8 -> 0
A9: 5 | B9: Устройство наружного электроосвещения | C9: комплекс | D9: =SUMIF(ЛСР!$B$14:$B$71,VLOOKUP($B9,$B$5:$B$10,1,0),ЛСР!$H$14:$H$71) -> 0 | E9: 1792000 | F9: =E9*D9 -> 0
A10: 6 | B10: Пусконаладочные работы электроосвещения | C10: комплекс | D10: =SUMIF(ЛСР!$B$14:$B$71,VLOOKUP($B10,$B$5:$B$10,1,0),ЛСР!$H$14:$H$71) -> 1 | E10: 50000 | F10: =E10*D10 -> 50000
B11: стоимость работ: | F11: =SUM(F5:F10) -> 50000
F12: =F11-ЛСР!J73 -> 50000

Sheet МАТЕРИАЛ
A1: Сводная ведомость объемов материала
A2: Прошу выдать цены на расходные материалы с целью формирования процентного соотношения
A3: № п/п | B3: Наименование | C3: Ед. изм. | D3: Кол-во | E3: Цена за ед. изм. | F3: Сумма | G3: Примечание
A4: 1 | B4: 2 | C4: 3 | D4: 4 | E4: 5 | F4: 6 | G4: 7
A5: 1 | B5: Труба полиэтиленовая SDR11 Ду110мм техническая, толщ. 11 мм (Арт.3002) | C5: м.п. | D5: =SUMIF(ЛСР!$B$14:$B$71,VLOOKUP($B5,$B$5:$B$53,1,0),ЛСР!$H$14:$H$71) -> 0 | E5: 592 | F5: =D5*E5 -> 0
A6: 2 | B6: Колодец КС 10-9 | C6: шт. | D6: =SUMIF(ЛСР!$B$14:$B$71,VLOOKUP($B6,$B$5:$B$53,1,0),ЛСР!$H$14:$H$71) -> 0 | E6: 2750 | F6: =D6*E6 -> 0
A7: 3 | B7: Дно ПН-10 | C7: шт. | D7: =SUMIF(ЛСР!$B$14:$B$71,VLOOKUP($B7,$B$5:$B$53,1,0),ЛСР!$H$14:$H$71) -> 0 | E7: 2750 | F7: =D7*E7 -> 0
A8: 4 | B8: Крышка ПП-10-1 | C8: шт. | D8: =SUMIF(ЛСР!$B$14:$B$71,VLOOKUP($B8,$B$5:$B$53,1,0),ЛСР!$H$14:$H$71) -> 0 | E8: 2650 | F8: =D8*E8 -> 0
A9: 5 | B9: Обойма+Люк (чугун), тип средний | C9: комлект | D9: =SUMIF(ЛСР!$B$14:$B$71,VLOOKUP($B9,$B$5:$B$53,1,0),ЛСР!$H$14:$H$71) -> 0 | E9: 9300 | F9: =D9*E9 -> 0
A10: 6 | B10: Муфта соединительная для тех.трубы Ду110 мм (Арт. 3011) | C10: шт. | D10: =SUMIF(ЛСР!$B$14:$B$71,VLOOKUP($B10,$B$5:$B$53,1,0),ЛСР!$H$14:$H$71) -> 0 | E10: 732 | F10: =D10*E10 -> 0
A11: 7 | B11: Кабель АВБбШв-1 ГОСТ 18410-73 с алюминиевыми жилами бронированный на напряжение 1,0 кВ сечением: 4*120 мм2 | C11: км | D11: =SUMIF(ЛСР!$B$14:$B$71,VLOOKUP($B11,$B$5:$B$53,1,0),ЛСР!$H$14:$H$71) -> 0 | E11: 698690 | F11: =D11*E11 -> 0 | G11: точное кол-во кабеля после выноса каб. линий в натуру
A12: 8 | B12: Кабель АВБбШв-1 ГОСТ 18410-73 с алюминиевыми жилами бронированный на напряжение 1,0 кВ сечением: 4*185 мм2 | C12: км | D12: =SUMIF(ЛСР!$B$14:$B$71,VLOOKUP($B12,$B$5:$B$53,1,0),ЛСР!$H$14:$H$71) -> 0 | E12: 1049150 | F12: =D12*E12 -> 0
A13: 9 | B13: Кабель АВБбШв-1 ГОСТ 18410-73 с алюминиевыми жилами бронированный на напряжение 1,0 кВ сечением: 4*240 мм2 | C13: км | D13: =SUMIF(ЛСР!$B$14:$B$71,VLOOKUP($B13,$B$5:$B$53,1,0),ЛСР!$H$14:$H$71) -> 0 | E13: 1353510 | F13: =D13*E13 -> 0
A14: 10 | B14: Муфта концевая 120 мм 4ПКВ(н)тпБН-1-70/120 | C14: шт. | D14: =SUMIF(ЛСР!$B$14:$B$71,VLOOKUP($B14,$B$5:$B$53,1,0),ЛСР!$H$14:$H$71) -> 0 | E14: 1850.93 | F14: =D14*E14 -> 0
A15: 11 | B15: Муфта концевая 185 мм 4ПКВ(н)тпБН-1-150/240 | C15: шт. | D15: =SUMIF(ЛСР!$B$14:$B$71,VLOOKUP($B15,$B$5:$B$53,1,0),ЛСР!$H$14:$H$71) -> 0 | E15: 2654.7 | F15: =D15*E15 -> 0
A16: 12 | B16: Муфта концевая 240 мм 4ПКВ(н)тпБН-1-150/240 | C16: шт. | D16: =SUMIF(ЛСР!$B$14:$B$71,VLOOKUP($B16,$B$5:$B$53,1,0),ЛСР!$H$14:$H$71) -> 0 | E16: 2654.7 | F16: =D16*E16 -> 0
A17: 13 | B17: Лоток стальной с крышкой 300*100*3000 мм | C17: шт. | D17: =SUMIF(ЛСР!$B$14:$B$71,VLOOKUP($B17,$B$5:$B$53,1,0),ЛСР!$H$14:$H$71) -> 0 | E17: 4495.8 | F17: =D17*E17 -> 0
A18: 14 | B18: Шпилька М8*2000 | C18: шт. | D18: =SUMIF(ЛСР!$B$14:$B$71,VLOOKUP($B18,$B$5:$B$53,1,0),ЛСР!$H$14:$H$71) -> 0 | E18: 92 | F18: =D18*E18 -> 0
A19: 15 | B19: С-профиль 41*41, толщ. 2,5 мм ВРМ4107HD2 | C19: шт. | D19: =SUMIF(ЛСР!$B$14:$B$71,VLOOKUP($B19,$B$5:$B$53,1,0),ЛСР!$H$14:$H$71) -> 0 | E19: 580 | F19: =D19*E19 -> 0
A20: 16 | B20: Труба гофрированная двухстенная DKC Ду110 мм | C20: м.п. | D20: =SUMIF(ЛСР!$B$14:$B$71,VLOOKUP($B20,$B$5:$B$53,1,0),ЛСР!$H$14:$H$71) -> 0 | E20: 202.73 | F20: =D20*E20 -> 0
A21: 17 | B21: Лента сигнальная ЛСЭ-900 мм | C21: м.п. | D21: =SUMIF(ЛСР!$B$14:$B$71,VLOOKUP($B21,$B$5:$B$53,1,0),ЛСР!$H$14:$H$71) -> 0 | E21: 51 | F21: =D21*E21 -> 0
A22: 18 | B22: Битумная мастика | C22: л | D22: =SUMIF(ЛСР!$B$14:$B$71,VLOOKUP($B22,$B$5:$B$53,1,0),ЛСР!$H$14:$H$71) -> 0 | E22: 100 | F22: =D22*E22 -> 0
A23: 19 | B23: Цемент | C23: кг. | D23: =SUMIF(ЛСР!$B$14:$B$71,VLOOKUP($B23,$B$5:$B$53,1,0),ЛСР!$H$14:$H$71) -> 0 | E23: 11.4 | F23: =D23*E23 -> 0
A24: 20 | B24: Шкаф управления освещением (ШУО) | C24: комплект | D24: =SUMIF(ЛСР!$B$14:$B$71,VLOOKUP($B24,$B$5:$B$53,1,0),ЛСР!$H$14:$H$71) -> 0 | E24: 50160 | F24: =D24*E24 -> 0 | G24: комплектация согласно прилагаемой схеме (либо аналог) | H24: аналог согласовать с Ежиковым Р.А.
A25: 21 | B25: Автоматический выключатель 1-но полюсной, Iном=6А ВА47-29 | C25: шт. | D25: =SUMIF(ЛСР!$B$14:$B$71,VLOOKUP($B25,$B$5:$B$53,1,0),ЛСР!$H$14:$H$71) -> 0 | E25: 121.64 | F25: =D25*E25 -> 0
A26: 22 | B26: Сжим ответвительный У731 | C26: шт. | D26: =SUMIF(ЛСР!$B$14:$B$71,VLOOKUP($B26,$B$5:$B$53,1,0),ЛСР!$H$14:$H$71) -> 0 | E26: 26.88 | F26: =D26*E26 -> 0
A27: 23 | B27: Коробка монтажная 200*200 IP65 | C27: шт. | D27: =SUMIF(ЛСР!$B$14:$B$71,VLOOKUP($B27,$B$5:$B$53,1,0),ЛСР!$H$14:$H$71) -> 0 | E27: 138 | F27: =D27*E27 -> 0
A28: 24 | B28: Кабель АВБбШв-1 с алюминиевыми жилами в ПВХ изоляции и оболочке бронированный пятижильный сечением: 5*10 | C28: м.п. | D28: =SUMIF(ЛСР!$B$14:$B$71,VLOOKUP($B28,$B$5:$B$53,1,0),ЛСР!$H$14:$H$71) -> 0 | E28: 135.12 | F28: =D28*E28 -> 0
A29: 25 | B29: Кабель АВВГнг с алюминиевыми жилами в ПВХ изоляции и оболочке трехжильный сечением: 3*4 | C29: м.п. | D29: =SUMIF(ЛСР!$B$14:$B$71,VLOOKUP($B29,$B$5:$B$53,1,0),ЛСР!$H$14:$H$71) -> 0 | E29: 28.72 | F29: =D29*E29 -> 0
A30: 26 | B30: Кабель силовой гибкий с медными жилами в резиновой изоляции и оболочке трехжильный сечением: 3*1,5 | C30: м.п. | D30: =SUMIF(ЛСР!$B$14:$B$71,VLOOKUP($B30,$B$5:$B$53,1,0),ЛСР!$H$14:$H$71) -> 0 | E30: 55.2 | F30: =D30*E30 -> 0
A31: 27 | B31: Труба двустенная гофротруба Ду63 мм | C31: м.п. | D31: =SUMIF(ЛСР!$B$14:$B$71,VLOOKUP($B31,$B$5:$B$53,1,0),ЛСР!$H$14:$H$71) -> 0 | E31: 79.91 | F31: =D31*E31 -> 0
A32: 28 | B32: Труба двустенная гофротруба Ду32 мм | C32: м.п. | D32: =SUMIF(ЛСР!$B$14:$B$71,VLOOKUP($B32,$B$5:$B$53,1,0),ЛСР!$H$14:$H$71) -> 0 | E32: 60.58 | F32: =D32*E32 -> 0
A33: 29 | B33: Термоусадочная трубка ТУТнг-10/5 | C33: м.п. | D33: =SUMIF(ЛСР!$B$14:$B$71,VLOOKUP($B33,$B$5:$B$53,1,0),ЛСР!$H$14:$H$71) -> 0 | E33: 14.02 | F33: =D33*E33 -> 0
A34: 30 | B34: Термоусадочная трубка ТУТнг-40/20 | C34: м.п. | D34: =SUMIF(ЛСР!$B$14:$B$71,VLOOKUP($B34,$B$5:$B$53,1,0),ЛСР!$H$14:$H$71) -> 0 | E34: 103.3 | F34: =D34*E34 -> 0
A35: 31 | B35: Светильник односторонний, 4000К, на опоре 6м с ПЧ, Sibilux (цвет шампань) | C35: шт. | D35: =SUMIF(ЛСР!$B$14:$B$71,VLOOKUP($B35,$B$5:$B$53,1,0),ЛСР!$H$14:$H$71) -> 0 | E35: 69680 | F35: =D35*E35 -> 0
A36: 32 | B36: Светильник двусторонний, 4000К, на опоре 6м с ПЧ, Sibilux (цвет шампань) | C36: шт. | D36: =SUMIF(ЛСР!$B$14:$B$71,VLOOKUP($B36,$B$5:$B$53,1,0),ЛСР!$H$14:$H$71) -> 0 | E36: 88630 | F36: =D36*E36 -> 0
... A53: 49 | B53: Лента сигнальная "Осторожно кабель" 100 мм | C53: м.п. | D53: =SUMIF(ЛСР!$B$14:$B$71,VLOOKUP($B53,$B$5:$B$53,1,0),ЛСР!$H$14:$H$71) -> 0 | E53: 9 | F53: =D53*E53 -> 0
B54: в т.ч. стоимость материалов: | F54: =SUM(F5:F53) -> 31179
F55: =F54-ЛСР!J74 -> 31179
